 Dungeon Crawl Stone Soup version 0.20.1-1-g8b1a95d (webtiles) character file.

28601 Jerry the Jinx (level 13, -4/87 HPs)
             Began as a Vampire Chaos Knight on Oct 20, 2017.
             Slain by a sun demon (10 damage)
             ... summoned by a kobold demonologist
             ... on level 10 of the Dungeon.
             The game lasted 01:20:37 (13391 turns).

Jerry the Jinx (Vampire Chaos Knight)              Turns: 13391, Time: 01:20:38

Health: -4/87      AC:  9    Str: 16    XL:     13   Next: 10%
Magic:  25/25      EV: 20    Int: 10    God:    Xom [..*...]
Gold:   1413       SH:  0    Dex: 16    Spells: 21/28 levels left

rFire    . . .     SeeInvis +   x - +2 long sword (flame)
rCold    . . .     Gourm    .   (no shield)
rNeg     + . .     Faith    .   l - +0 troll leather armour
rPois    .         Spirit   .   m - +2 hat
rElec    .         Reflect  .   y - scarf of Fashionability {MR+ Regen+}
rCorr    .         Harm     .   (no gloves)
MR       +++..                  a - +0 pair of boots
Stlth    +++++.....             (no amulet)
Regen    1.1/turn               D - ring of protection from magic
MPRegen  0.2/turn               C - ring of stealth

@: no status effects
A: fangs 3, talons 1, rugged brown scales 1, see invisible, blink, dopey 2,
strong 1, unbreathing
a: Bat Form, Blink, Renounce Religion


You were on level 10 of the Dungeon.
You worshipped Xom.
You were a toy of Xom.
You were not thirsty.

You visited 2 branches of the dungeon, and saw 13 of its levels.

You collected 1503 gold pieces.
You spent 90 gold pieces at shops.

Inventory:

Hand Weapons
 b - a +4 vampiric short sword
 n - a +3 short sword of venom
 x - a +2 long sword of flaming (weapon)
Armour
 a - a +0 pair of boots (worn)
 l - a +0 troll leather armour (worn)
 m - a +2 hat (worn)
 v - a +4 chain mail
 y - the scarf of Fashionability (worn) {MR+ Regen+}
   (You acquired it on level 7 of the Dungeon)

   It affects your resistance to hostile enchantments.
   It increases your rate of regeneration.
Jewellery
 p - an uncursed ring of positive energy
 C - a ring of stealth (right hand)
 D - a ring of protection from magic (left hand)
Wands
 A - a wand of polymorph (7/24)
 E - a wand of iceblast (8/15)
 F - a wand of disintegration (11/24)
Scrolls
 h - a scroll of identify
 i - 3 scrolls of amnesia
 j - a scroll of recharging
 k - 2 scrolls of teleportation
 o - a scroll of immolation
 w - 4 scrolls of remove curse
Potions
 c - 45 potions of blood
 d - 2 potions of mutation
 e - 2 potions of magic
 f - 4 potions of flight
 q - a potion of might
 t - 4 potions of curing {unknown}
 u - 2 potions of ambrosia {unknown}
 z - 4 potions of brilliance {unknown}
Books
 g - a book of Maledictions

   Spells                             Type                      Level
   a - Corona                         Hexes                        1
   b - Ensorcelled Hibernation        Hexes/Ice                    2
   c - Confuse                        Hexes                        3
   d - Tukima's Dance                 Hexes                        3
   e - Dazzling Spray                 Conjuration/Hexes            3
 r - a book of Summonings

   Spells                             Type                      Level
   a - Recall                         Summoning/Translocation      3
   b - Aura of Abjuration             Summoning                    5
   c - Summon Demon                   Summoning                    5
   d - Summon Forest                  Summoning/Translocation      5
   e - Summon Mana Viper              Hexes/Summoning              5
   f - Shadow Creatures               Summoning                    6
 s - a book of Cantrips

   Spells                             Type                      Level
   a - Confusing Touch                Hexes                        1
   b - Animate Skeleton               Necromancy                   1
   c - Summon Small Mammal            Summoning                    1
   d - Apportation                    Translocation                1


   Skills:
 - Level 2.6 Fighting
 - Level 12.5 Short Blades
 + Level 0.6(7.4) Long Blades
 - Level 6.1 Armour
 + Level 11.5 Dodging
 - Level 10.0 Stealth
 - Level 8.1 Spellcasting
 + Level 13.1 Hexes
 - Level 2.3 Ice Magic


You had 21 spell levels left.
You knew the following spells:

 Your Spells              Type           Power        Failure   Level  Hunger
a - Confuse               Hex            ####....     1%          3    ###....
b - Ensorcelled Hibernat  Hex/Ice        ###...       1%          2    #......
c - Animate Skeleton      Necr           N/A          21%         1    None
d - Apportation           Tloc           #.....       21%         1    None


Dungeon Overview and Level Annotations

Branches:
Dungeon (11/15)            Temple (0/1) D:6             Orc (2/2)
    Elf (0/3) Orc:2
   Lair: D:8-11

Altars:
Elyvilon
Fedhas
Hepliaklqana
Kikubaaqudgha
Nemelex Xobeh
Okawaru
Qazlal
Ru
Sif Muna
Trog
Xom
Yredelemnul
The Shining One

Shops:
Orc:2 =[=:

Annotations:
Orc:1 Fannar


Innate Abilities, Weirdness & Mutations

You have razor-sharp teeth.
You have supernaturally acute eyesight. (SInv)
You can survive without breathing.
You have sharp toenails.
You are partially covered in rugged brown scales. (AC +1, +3% HP)
You can translocate small distances at will.
You are very dopey. (Int -4)
Your muscles are strong. (Str +2)


Message History

Aim: a kobold demonologist, wielding a dagger and wearing a robe (chance to defeat MR: 32%)
Okay, then.
You hit the kobold demonologist. You burn the kobold demonologist.
The kobold demonologist is lightly wounded.
The sun demon closely misses you. The kobold demonologist misses you.
You miss the kobold demonologist.
Your bite misses the kobold demonologist.
The kobold demonologist is lightly wounded.
The sun demon hits you but does no damage.
The kobold demonologist closely misses you.
The sun demon closely misses you.
You riposte.
You barely miss the sun demon. You slash the kobold demonologist!
You burn the kobold demonologist.
The kobold demonologist is moderately wounded.
The kobold demonologist hits you but does no damage.
The sun demon hits you!!
* * * LOW HITPOINT WARNING * * *
Xom is mildly amused.
You are engulfed in flames!
You die...
Xom bursts into laughter!

#..##### #..# ############# #..#
### #...........### #..# #..
#.#######.....# #..# #.# #.#
###.#.#.############..# #.#
#.#####.......#.............###'#
....รท...#.#.....########.##.+....
#.####.....#>...@3# #.##.###'# #.#
##.###.....#K# #.##.# #.#
#.#####.###.#...#.######.##.# #.#
......................##.##.# #..
.###.##########.....#.##.##.# ###
.# #.##########.###.#.##.##.# .#
#.##.........# #......##.#####
.###.##.#######.###.#.#..##......
.##....#............#.#..........


You could see a sun demon and a kobold demonologist.

Vanquished Creatures
  3 ogre magi
  17 two-headed ogres
  A glowing orange brain (Orc:1)
  2 orc knights (Orc:1)
  2 orc sorcerers
  An elephant (shapeshifter) (Orc:1)
  6 trolls
  Grinder (D:4)
  A hippogriff (D:10)
  Sigmund (D:4)
  8 yaks (D:9)
  A wyvern (D:10)
  4 hogs (D:10)
  A human (D:10)
  3 vampire mosquitoes (D:8)
  A warg (Orc:1)
  A basilisk (D:9)
  Menkaure (D:5)
  A steam dragon (D:8)
  A swamp worm (Orc:1)
  Duvessa (D:4)
  A sky beast (D:10)
  An eye of draining (D:9)
  28 ogres
  2 phantoms
  2 black bears (D:6)
  14 orc warriors
  3 ice beasts
  7 centaurs
  3 bullfrogs
  Blork the orc (D:6)
  Dowan (D:4)
  3 scorpions
  4 killer bees
  2 wights (D:8)
  2 howler monkeys
  A centaur zombie (D:8)
  3 jellies
  2 crimson imps
  4 hounds
  22 orc wizards
  A centaur skeleton (D:4)
  11 orc priests
  Crazy Yiuf (D:3)
  A bullfrog skeleton (D:10)
  A gnoll shaman (D:6)
  An iguana (D:6)
  Terence (D:3)
  6 worker ants
  A hound zombie (D:5)
  A hound skeleton (D:5)
  Robin (D:3)
  A howler monkey skeleton (D:8)
  8 gnolls
  A river rat (D:7)
  5 adders
  An adder (shapeshifter) (Orc:2)
  2 shadow imps
  3 oozes
  3 adder zombies
  2 adder skeletons
  A worm (D:2)
  3 dart slugs
  7 leopard geckos
  60 orcs
  8 bats
  3 giant cockroaches
  16 goblins
  12 hobgoblins
  6 jackals
  A quokka (D:2)
  A ball python (D:1)
  5 frilled lizards
  4 kobolds
  A quokka skeleton (D:5)
  7 rats
351 creatures vanquished.

Vanquished Creatures (collateral kills)
  An ogre mage (Orc:2)
  A two-headed ogre (D:9)
  An orc high priest (Orc:1)
  A vampire mosquito (D:8)
  A swamp drake (D:9)
  An orc warrior (D:9)
  2 ogres (Orc:2)
  An orc priest (Orc:2)
  An orc wizard (D:3)
  4 orcs
14 creatures vanquished.

Vanquished Creatures (others)
  The ghost of Flubber the Skirmisher, a novice HOFi of Yredelemnul (D:9)
  A gnoll (D:6)
  A ball lightning (Orc:1)
  2 orcs
5 creatures vanquished.

Grand Total: 370 creatures vanquished

Notes
Turn   | Place    | Note
-------+----------+-------------------------------------------
     0 | D:1      | Jerry the Vampire Chaos Knight began the quest for the Orb.
     0 | D:1      | Reached XP level 1. HP: 17/17 MP: 1/1
    17 | D:1      | Reached skill level 1 in Armour
   184 | D:1      | XOM: potion effect (berserk rage)
   189 | D:1      | Reached XP level 2. HP: 23/23 MP: 2/2
   349 | D:1      | XOM: potion effect (might)
   354 | D:1      | XOM: cast spell 'Summon Small Mammal'
   536 | D:1      | Reached XP level 3. HP: 28/28 MP: 3/3
   545 | D:1      | XOM: 2-stop teleportation journey
   583 | D:1      | Reached skill level 1 in Stealth
   615 | D:1      | XOM is BORED!
   615 | D:1      | XOM: give mutations
   615 | D:1      | Gained mutation: You are dopey. (Int -2) [Xom's mischief]
   615 | D:1      | Gained mutation: You are very dopey. (Int -4) [Xom's mischief]
  1194 | D:2      | XOM: god gift: 32 gold pieces
  1265 | D:2      | XOM: medium Hex miscast
  1871 | D:2      | Reached XP level 4. HP: 33/34 MP: 4/4
  1962 | D:2      | Found a deep blue altar of Sif Muna.
  1962 | D:2      | Found a bloodstained altar of Trog.
  1963 | D:2      | Found an ancient bone altar of Kikubaaqudgha.
  2095 | D:3      | Found a basalt altar of Yredelemnul.
  2518 | D:3      | Found a runed door.
  2758 | D:3      | Noticed Terence
  2768 | D:3      | Killed Terence
  2843 | D:3      | Reached XP level 5. HP: 27/39 MP: 5/5
  2875 | D:3      | Noticed Robin
  2925 | D:3      | Killed Robin
  3219 | D:3      | Noticed Crazy Yiuf
  3223 | D:3      | Killed Crazy Yiuf
  3273 | D:4      | Noticed Duvessa
  3273 | D:4      | Noticed Dowan
  3282 | D:4      | XOM: 1-stop teleportation journey
  3283 | D:4      | Noticed an ogre
  3289 | D:4      | Noticed an ice beast
  3292 | D:4      | XOM: summons friendly crimson imp
  3293 | D:4      | XOM: potion effect (agility)
  3296 | D:4      | Killed an ogre
  3296 | D:4      | Reached skill level 5 in Short Blades
  3296 | D:4      | Reached XP level 6. HP: 29/46 MP: 6/6
  3310 | D:4      | Killed an ice beast
  3317 | D:4      | XOM: harmless Necr miscast
  3403 | D:4      | Killed Duvessa
  3406 | D:4      | Killed Dowan
  3406 | D:4      | Reached XP level 7. HP: 39/51 MP: 7/7
  3430 | D:4      | Noticed Sigmund
  3473 | D:4      | XOM: fog
  3479 | D:4      | Killed Sigmund
  3518 | D:4      | Reached skill level 5 in Stealth
  3527 | D:4      | XOM: god gift: 33 gold pieces
  3706 | D:4      | XOM: divination: detect creatures
  3758 | D:4      | XOM: 1-stop teleportation journey
  3846 | D:4      | Noticed Grinder
  3850 | D:4      | XOM: confuse monster(s)
  3855 | D:4      | Killed Grinder
  3855 | D:4      | Reached skill level 5 in Dodging
  3855 | D:4      | Reached XP level 8. HP: 57/57 MP: 8/8
  4016 | D:4      | XOM: scenery: create altars
  4041 | D:5      | Entered Level 5 of the Dungeon
  4123 | D:5      | Noticed Menkaure
  4127 | D:5      | Killed Menkaure
  4266 | D:5      | XOM: summons 2 friendly demons
  4338 | D:5      | Learned a level 3 spell: Confuse
  4341 | D:5      | Learned a level 2 spell: Ensorcelled Hibernation
  4343 | D:5      | Learned a level 1 spell: Animate Skeleton
  4345 | D:5      | Learned a level 1 spell: Apportation
  4364 | D:5      | Reached skill level 1 in Hexes
  4400 | D:5      | XOM is BORED!
  4400 | D:5      | XOM: give mutations
  4400 | D:5      | Gained mutation: You are weak. (Str -2) [Xom's mischief]
  4400 | D:5      | Gained mutation: You can translocate small distances at will. [Xom's mischief]
  4400 | D:5      | Lost mutation: You can translocate small distances at will. [Xom's mischief]
  4477 | D:5      | Reached skill level 1 in Ice Magic
  4511 | D:5      | Found a sparkling altar of Nemelex Xobeh.
  4514 | D:5      | XOM: scenery: 1 doors close
  4565 | D:5      | Reached skill level 2 in Hexes
  4815 | D:5      | XOM: cloud trail
  5163 | D:6      | XOM: cast spell 'Alistair's Intoxication'
  5172 | D:6      | XOM: potion effect (agility)
  5178 | D:6      | Reached skill level 3 in Hexes
  5256 | D:6      | Reached XP level 9. HP: 62/62 MP: 9/9
  5479 | D:6      | Found a staircase to the Ecumenical Temple.
  5518 | D:6      | XOM: potion effect (invisibility)
  5525 | D:6      | XOM: confusion
  5562 | D:6      | Reached skill level 1 in Spellcasting
  5562 | D:6      | Reached skill level 4 in Hexes
  5706 | D:6      | Noticed Blork the orc
  5720 | D:6      | Killed Blork the orc
  5756 | D:6      | Noticed a two-headed ogre
  5765 | D:6      | Killed a two-headed ogre
  5765 | D:6      | Reached skill level 5 in Hexes
  5889 | D:6      | XOM: 2-stop teleportation journey
  5957 | D:6      | Found a stormy altar of Qazlal.
  5960 | D:6      | Found a blossoming altar of Fedhas.
  5965 | D:6      | Found a glowing golden altar of the Shining One.
  6129 | D:6      | XOM: divination: detect items
  6226 | D:7      | Reached skill level 5 in Armour
  6460 | D:7      | Found a sacrificial altar of Ru.
  6563 | D:7      | XOM: polymorph killer bee -> river rat
  6885 | D:7      | Found a white marble altar of Elyvilon.
  6887 | D:7      | Identified a scroll of acquirement
  6888 | D:7      | Got a crude scarf
  6889 | D:7      | Identified the scarf of Fashionability {MR+ Regen+} (You acquired it on level 7 of the Dungeon)
  6983 | D:8      | Reached skill level 6 in Hexes
  7028 | D:8      | Reached XP level 10. HP: 68/68 MP: 14/14
  7054 | D:8      | XOM: god gift: scroll labeled EHAGENL ASHEM EXKY {god gift}
  7418 | D:8      | Noticed a two-headed ogre
  7422 | D:8      | XOM: god gift: club {god gift}
  7426 | D:8      | XOM: divination: magic mapping
  7429 | D:8      | Killed a two-headed ogre
  7465 | D:8      | XOM: potion effect (haste)
  7472 | D:8      | XOM: summons 4 friendly demons
  7570 | D:8      | XOM: scenery: create altars
  7591 | D:8      | XOM: enchant monster (good)
  7593 | D:8      | XOM: blink monster(s)
  7701 | D:9      | Reached skill level 10 in Stealth
  7716 | D:9      | XOM: stat loss: -1 Dex (15/16)
  7903 | D:9      | XOM: fog
  7992 | D:9      | Found a hazy altar of Hepliaklqana.
  8013 | D:9      | Reached skill level 7 in Hexes
  8045 | D:9      | XOM: cast spell 'Metabolic Englaciation'
  8249 | D:9      | Noticed Flubber's ghost (novice HOFi)
  8252 | D:9      | XOM: scenery: create altars
  8265 | D:9      | Killed Flubber's ghost
  8265 | D:9      | XOM: divine lightning
  8502 | D:9      | Found a staircase to the Orcish Mines.
  8502 | D:9      | XOM: 4-stop teleportation journey
  8600 | D:9      | XOM: scenery: create altars
  8828 | D:9      | Reached skill level 8 in Hexes
  8844 | D:9      | Reached XP level 11. HP: 74/74 MP: 17/17
  9022 | D:9      | XOM: scenery: create altars
  9051 | D:10     | Entered Level 10 of the Dungeon
  9275 | D:10     | XOM: noise
  9293 | D:10     | Reached skill level 10 in Short Blades
  9338 | D:10     | XOM: smoke on damage
  9421 | D:10     | XOM: cast spell 'Leda's Liquefaction'
  9435 | D:10     | XOM: cast spell 'Call Canine Familiar'
  9608 | D:10     | XOM: divination: detect items
  9880 | D:9      | XOM: cloud trail
  9898 | D:9      | XOM: give mutations
  9898 | D:9      | Gained mutation: You are partially covered in rugged brown scales. (AC +1, +3% HP) [Xom's grace]
  9898 | D:9      | Gained mutation: You can translocate small distances at will. [Xom's grace]
  9898 | D:9      | Gained mutation: You have sharp toenails. [Xom's grace]
  9908 | Orc:1    | Entered Level 1 of the Orcish Mines
  9937 | Orc:1    | Reached skill level 5 in Spellcasting
 10067 | Orc:2    | Entered Level 2 of the Orcish Mines
 10067 | Orc:2    | Found a staircase to the Elven Halls.
 10067 | Orc:2    | Noticed an ogre mage
 10067 | Orc:2    | Noticed a two-headed ogre
 10067 | Orc:2    | Noticed a two-headed ogre
 10067 | Orc:2    | Noticed a two-headed ogre
 10069 | Orc:2    | Noticed a two-headed ogre
 10069 | Orc:2    | Noticed a two-headed ogre
 10073 | Orc:1    | XOM: cast spell 'Monstrous Menagerie'
 10075 | Orc:1    | Killed a two-headed ogre
 10077 | Orc:1    | Killed a two-headed ogre
 10077 | Orc:1    | Reached skill level 9 in Hexes
 10089 | Orc:1    | XOM: confuse monster(s)
 10093 | Orc:1    | Killed a two-headed ogre
 10097 | Orc:1    | Killed a two-headed ogre
 10098 | Orc:1    | XOM: summons friendly crimson imp
 10107 | Orc:1    | Killed a two-headed ogre
 10122 | Orc:2    | Killed an ogre mage
 10179 | Orc:2    | Noticed a two-headed ogre
 10179 | Orc:2    | Noticed a two-headed ogre
 10180 | Orc:2    | Noticed an ogre mage
 10181 | Orc:2    | Noticed a two-headed ogre
 10181 | Orc:2    | Noticed an ogre mage
 10201 | Orc:2    | XOM: butterfly on damage
 10204 | Orc:1    | Killed a two-headed ogre
 10204 | Orc:1    | Reached skill level 10 in Hexes
 10229 | Orc:1    | Killed a two-headed ogre
 10257 | Orc:1    | XOM: enchant monster (good)
 10274 | Orc:1    | Killed an ogre mage
 10339 | Orc:2    | Noticed a two-headed ogre
 10339 | Orc:2    | XOM: confuse monster(s)
 10372 | Orc:1    | an ogre mage changed into an elephant
 10372 | Orc:1    | XOM: polymorph ogre mage -> elephant
 10377 | Orc:1    | XOM: confuse monster(s)
 10386 | Orc:1    | Reached skill level 10 in Dodging
 10412 | Orc:2    | Noticed a two-headed ogre
 10451 | Orc:1    | XOM: smoke on damage
 10452 | Orc:1    | Noticed a glowing orange brain
 10452 | Orc:1    | a two-headed ogre changed into a glowing orange brain
 10452 | Orc:1    | XOM: polymorph two-headed ogre -> glowing orange brain
 10463 | Orc:1    | XOM: divination: detect items
 10471 | Orc:1    | Killed a glowing orange brain
 10471 | Orc:1    | Reached XP level 12. HP: 51/82 MP: 10/21
 10538 | Orc:2    | Noticed a two-headed ogre
 10540 | Orc:2    | Noticed a two-headed ogre
 10561 | Orc:2    | XOM: summons 8 friendly demons
 10573 | Orc:2    | Killed a two-headed ogre
 10582 | Orc:2    | XOM: blink monster(s)
 10589 | Orc:2    | Killed a two-headed ogre
 10589 | Orc:2    | Reached skill level 11 in Hexes
 10591 | Orc:2    | HP: 3/82 [two-headed ogre/giant club (17)]
 10674 | D:9      | XOM: noise
 10686 | D:9      | XOM: summons 3 friendly demons
 10693 | D:9      | Killed a two-headed ogre
 10781 | Orc:2    | Noticed a two-headed ogre
 10790 | Orc:2    | Noticed an ogre mage
 10801 | Orc:2    | Noticed a two-headed ogre
 10819 | Orc:1    | Killed an ogre mage
 10832 | Orc:2    | Noticed a two-headed ogre
 10839 | Orc:1    | XOM: blink monster(s)
 10855 | Orc:1    | XOM: severe Air miscast
 10881 | Orc:1    | Killed a two-headed ogre
 10939 | Orc:1    | XOM: 2-stop teleportation journey
 10948 | Orc:1    | XOM: smoke on damage
 10956 | Orc:1    | Killed a two-headed ogre
 10966 | Orc:1    | Killed a two-headed ogre
 10966 | Orc:1    | XOM: god gift: hardcover book {god gift}
 11004 | Orc:2    | XOM: god gift: 26 gold pieces
 11036 | Orc:2    | XOM: silly message
 11043 | Orc:2    | XOM: harmless Chrm miscast
 11062 | Orc:2    | XOM: divination: magic mapping
 11063 | Orc:2    | XOM: confuse monster(s)
 11170 | Orc:2    | Found Juseub's Antique Armour Boutique.
 11170 | Orc:2    | Found Goehet's Jewellery Shoppe.
 11211 | Orc:2    | Found Jamae's Jewellery Boutique.
 11212 | Orc:2    | Found Potil's Book Emporium.
 11217 | Orc:2    | XOM: summons 10 friendly demons
 11228 | Orc:2    | Noticed an ogre mage
 11234 | Orc:2    | Reached skill level 12 in Hexes
 11235 | Orc:2    | XOM: polymorph ogre -> warg
 11239 | Orc:2    | Xom revived you
 11307 | Orc:2    | XOM: enchant monster (good)
 11341 | Orc:2    | XOM: enchant monster (good)
 11361 | Orc:2    | Killed an ogre mage
 11431 | Orc:2    | XOM: summons 12 friendly demons
 11488 | Orc:2    | Noticed a two-headed ogre
 11500 | Orc:2    | XOM: summons 11 friendly demons
 11505 | Orc:2    | Killed a two-headed ogre
 11687 | Orc:2    | Noticed an orc high priest
 11689 | Orc:2    | Noticed a two-headed ogre
 11693 | Orc:2    | XOM: enchant monster (bad)
 11702 | Orc:2    | XOM: confuse monster(s)
 11708 | Orc:2    | XOM: god gift: 18 sling bullets
 11710 | Orc:2    | Killed a two-headed ogre
 11741 | Orc:2    | XOM: scenery: create altars
 11768 | Orc:2    | an orc high priest changed into a swamp worm
 11768 | Orc:2    | XOM: polymorph orc high priest -> swamp worm
 11781 | Orc:2    | XOM: fog
 11937 | Orc:1    | XOM: give mutations
 11937 | Orc:1    | Lost mutation: You are weak. (Str -2) [Xom's grace]
 11937 | Orc:1    | Gained mutation: Your muscles are strong. (Str +2) [Xom's grace]
 11949 | Orc:1    | XOM: summons 12 friendly demons
 12037 | Orc:2    | XOM: god gift: runed quarterstaff {god gift}
 12112 | Orc:2    | XOM: destruction
 12127 | Orc:2    | XOM: medium Necr miscast
 12231 | Orc:2    | XOM: enchant monster (bad)
 12240 | Orc:2    | XOM: 2-stop teleportation journey
 12425 | Orc:1    | XOM: chaos upgrade
 12432 | Orc:1    | Killed a two-headed ogre
 12480 | Orc:1    | Noticed an orc high priest
 12499 | D:9      | Reached XP level 13. HP: 55/87 MP: 25/25
 12545 | D:9      | XOM: mild Fire miscast
 12554 | D:9      | XOM: repel stairs
 12606 | Orc:1    | XOM: enchant monster (bad)
 12607 | Orc:1    | XOM: summons 4 friendly demons
 12609 | Orc:1    | XOM: god gift: 34 gold pieces
 12761 | Orc:2    | Reached skill level 13 in Hexes
 12900 | Orc:2    | Found an iron altar of Okawaru.
 13147 | Orc:1    | Noticed Fannar
 13179 | Orc:2    | Bought a cursed ring of loudness for 58 gold pieces
 13180 | Orc:2    | Bought a cursed -5 ring of dexterity for 32 gold pieces
 13366 | D:11     | XOM: blink monster(s)
 13386 | D:10     | XOM: repel stairs
 13391 | D:10     | Slain by a sun demon

Skill      XL: |  1  2  3  4  5  6  7  8  9 10 11 12 13 |
---------------+----------------------------------------+-----
Armour         | 1 2 3 4 5 6 |  6.1
Stealth        | 1 2 3 4 5 7 9 10 | 10.0
Short Blades   | 4 5 6 7 8 9 11 12 | 12.5
Dodging        | 3 4 5 6 7 8 10 11 | 11.5
Hexes          | 3 6 8 10 12 13 | 13.1
Ice Magic      | 2 |  2.3
Spellcasting   | 2 4 6 8 |  8.1
Fighting       | |  2.6
Long Blades    | |  0.6

Action                   |  1- 3 |  4- 6 |  7- 9 | 10-12 | 13-15 || total
-------------------------+-------+-------+-------+-------+-------++-------
Melee: Short sword       |   119 |   118 |   329 |   905 |   120 ||  1591
       Bite              |    10 |    11 |    32 |   122 |    24 ||   199
       Long sword        |       |       |       |       |    43 ||    43
 Cast: Ensorcelled Hiber |       |       |     2 |    37 |       ||    39
       Confuse           |       |       |       |    39 |       ||    39
  Use: Potion            |    11 |     7 |    19 |    30 |     1 ||    68
       Scroll            |       |       |    15 |     6 |     1 ||    22
 Stab: Sleeping          |     4 |     4 |    16 |    17 |     1 ||    42
       Confused          |       |       |     2 |    17 |       ||    19
       Invisible         |       |       |     7 |       |       ||     7
       Distracted        |       |       |     1 |     5 |     1 ||     7
       Paralysed         |       |       |     1 |     1 |       ||     2
       Petrified         |       |       |       |     2 |       ||     2
Armor: Leather armour    |    39 |    23 |    35 |    30 |       ||   127
       Chain mail        |       |       |    66 |       |       ||    66
       Troll leather arm |       |       |       |    65 |    29 ||    94
Dodge: Dodged            |    59 |    57 |   140 |   532 |   143 ||   931
       Rpst.: Long sword |       |       |       |       |    20 ||    20
